 Dungeon Crawl Stone Soup version 0.25.0-9-g26727b657a (webtiles) character file.

Game seed: 10731010503270182458

60 HoaS the Chopper (level 3, -2/34 HPs)
             Began as a Minotaur Berserker on June 16, 2020.
             Was a Believer of Trog.
             Slain by a goblin
             ... wielding a +0 dagger
             ... led by Robin
              (5 damage)
             ... on level 3 of the Dungeon.
             The game lasted 00:03:06 (1525 turns).

HoaS the Chopper (Minotaur Berserker)               Turns: 1525, Time: 00:03:07

Health: -2/34      AC:  2    Str: 22    XL:     3   Next: 80%
Magic:  2/2        EV: 12    Int:  4    God:    Trog [**....]
Gold:   119        SH:  0    Dex:  9    Spells: 2/2 levels left

rFire    . . .     SeeInvis .   a - +0 hand axe
rCold    . . .     Gourm    .   (no shield)
rNeg     . . .     Faith    .   b - +0 animal skin
rPois    .         Spirit   .   (helmet restricted)
rElec    .         Reflect  .   (no cloak)
rCorr    .         Harm     .   (no gloves)
MR       .....                  (no boots)
Stlth    +.........             (no amulet)
HPRegen  0.11/turn              (no ring)
MPRegen  0.08/turn              (no ring)

@: no status effects
A: retaliatory headbutt, horns 2
a: Berserk, Trog's Hand, Renounce Religion


You were on level 3 of the Dungeon.
You worshipped Trog.
Trog was pleased with you.
You were not hungry.

You visited 1 branch of the dungeon, and saw 3 of its levels.

You collected 119 gold pieces.

Inventory:

Hand Weapons
 a - a +0 hand axe (weapon)
Armour
 b - a +0 animal skin (worn)
Scrolls
 e - 4 scrolls of remove curse
 h - 2 scrolls of teleportation {unknown}
 i - a scroll of fog {unknown}
 l - a scroll of enchant armour {unknown}
Potions
 f - 2 potions of flight {unknown}
 g - a potion of curing {unknown}
 j - a potion of might {unknown}
 k - a potion of ambrosia {unknown}
Comestibles
 c - 3 rations
 d - 2 chunks of flesh


   Skills:
 + Level 4.4 Fighting
 * Level 5.2 Axes
 - Level 2.4 Armour
 - Level 2.1 Dodging


You had 2 spell levels left.
You didn't know any spells.
Your spell library was empty.

Dungeon Overview and Level Annotations

Branches:
Dungeon (3/15)

Altars:

Annotations:
D:3 Robin


Innate Abilities, Weirdness & Mutations

You reflexively headbutt those who attack you in melee.
You have a pair of horns on your head.


Message History

You see here a cloak.
A goblin comes into view.
The goblin shouts!
The hobgoblin shouts!
The goblin shouts!
Robin roars a battlecry!
The goblin goes into a battle-frenzy!
A goblin comes into view. It is wielding a +0 dagger.
The hobgoblin barely misses you.
You hear a shout!
Robin throws the goblin at you!
You closely miss the goblin. You hit the hobgoblin.
The goblin hits you with a +0 dagger. The hobgoblin hits you with a +0 club.
* * * LOW HITPOINT WARNING * * *
You completely miss the goblin. You hit the hobgoblin.
The goblin hits you with a +0 dagger.
* * * LOW HITPOINT WARNING * * *
A goblin comes into view.
The hobgoblin hits you but does no damage.
A goblin comes into view.
It is wielding a +0 dagger of protection.
The goblin hits you with a +0 dagger.
You die...

#..........#
#..........#
#.<........#
#..........#
##..........
#.........(#
#....).....#
####...g......#
.......@......#
####...g......#
##..[.g...##
##)))...##
##)##g.# ..#
#g# #### g..


gg. .. You could see Robin, 2 hobgoblins and 5 goblins.

Vanquished Creatures
  An adder (D:2)
  A leopard gecko (D:1)
  4 orcs (D:3)
  3 bats
  A giant cockroach (D:2)
  9 goblins
  5 hobgoblins
  3 jackals (D:1)
  A quokka (D:2)
  A ball python (D:2)
  3 frilled lizards
  6 kobolds
  3 rats (D:2)
41 creatures vanquished.

Notes
Turn   | Place    | Note
-------+----------+-------------------------------------------
     0 | D:1      | HoaS the Minotaur Berserker began the quest for the Orb.
     0 | D:1      | Reached XP level 1. HP: 19/19 MP: 0/0
   219 | D:1      | Reached skill level 4 in Axes
   310 | D:1      | Reached XP level 2. HP: 27/27 MP: 1/1
  1068 | D:2      | Reached XP level 3. HP: 33/33 MP: 2/2
  1103 | D:2      | Reached ** piety under Trog
  1285 | D:2      | Reached skill level 5 in Axes
  1520 | D:3      | Noticed Robin
  1525 | D:3      | Slain by a goblin

Illustrated notes

Levels and vault maps discovered:
D:1:      elethiomel_arrival_fortress_basement, layout_basic
D:2:      layout_loops_ring, kennysheep_cluttered_room,
          chequers_serial_rivers_small_b
D:3:      layout_rooms, first_ration, uniq_robin

Skill      XL: |  1  2  3 |
---------------+----------+-----
Axes           | 4 5 |  5.2
Fighting       | 4 |  4.4
Armour         | |  2.4
Dodging        | |  2.1

Action                   || total
-------------------------++-------
Melee: Hand axe          ||    79
       Headbutt          ||    13
  Use: Scroll            ||     2
  Eat: Chunk             ||     2
Armor: Animal skin       ||    11
Dodge: Dodged            ||    53
